 Dungeon Crawl Stone Soup version 0.22-a0-282-gdd34a7d (webtiles) character file.

726 neds the Firebug (level 7, -2/51 HPs)
             Began as a Gnoll Fire Elementalist on Mar 17, 2018.
             Was an Initiate of Sif Muna.
             Slain by Pikel
             ... wielding a +1 whip of freezing
              (8 damage)
             ... on level 3 of the Dungeon.
             The game lasted 00:50:55 (7965 turns).

neds the Firebug (Gnoll Fire Elementalist)          Turns: 7965, Time: 00:50:56

Health: -2/51      AC:  2    Str: 13    XL:     7   Next: 72%
Magic:  2/15       EV: 15    Int: 17    God:    Sif Muna [......]
Gold:   226        SH:  0    Dex: 15    Spells: 14/17 levels left

rFire    . . .     SeeInvis .   t - -1 flail (curse)
rCold    . . .     Gourm    .   (no shield)
rNeg     . . .     Faith    .   a - +0 robe
rPois    .         Spirit   .   (no helmet)
rElec    .         Reflect  .   (no cloak)
rCorr    .         Harm     .   (no gloves)
MR       .....                  (no boots)
Stlth    +++.......             (no amulet)
HPRegen  0.17/turn              (no ring)
MPRegen  0.14/turn              (no ring)

@: no status effects
A: distributed training, fangs 1, strong nose
a: Renounce Religion


You were on level 3 of the Dungeon.
You worshipped Sif Muna.
Sif Muna was noncommittal.
You were not hungry.

You visited 2 branches of the dungeon, and saw 6 of its levels.

You collected 226 gold pieces.

Inventory:

Hand Weapons
 e - a +0 dagger
 h - a +0 dagger
 i - a +0 spear
 k - a +0 whip
 l - a +0 hunting sling
 n - a +2 dagger of draining
 t - a cursed -1 flail (weapon)
 y - a +2 hunting sling of flaming
 A - a +0 dagger of venom
 K - a +0 war axe
Missiles
 d - 143 stones (quivered)
 z - 13 sling bullets
Armour
 a - a +0 robe (worn)
 r - a +0 helmet
 v - a +0 leather armour
 x - a +0 pair of gloves
 B - a +2 robe of cold resistance
 C - a +0 helmet
 E - a +0 buckler
 L - a +0 scale mail
Jewellery
 M - a +4 ring of slaying {unknown}
Wands
 G - a wand of scattershot (5)
 J - a wand of enslavement (12)
Scrolls
 b - a scroll of immolation {unknown}
 f - a scroll of teleportation {unknown}
 g - 2 scrolls of amnesia
 j - 2 scrolls of enchant armour {unknown}
 q - 2 scrolls of identify
 u - 2 scrolls of magic mapping {unknown}
 D - a scroll of noise {unknown}
 F - 3 scrolls of enchant weapon
Potions
 m - 4 potions of heal wounds {unknown}
 o - a potion of might {unknown}
 p - 3 potions of curing
 s - 2 potions of mutation {unknown}
 w - a potion of cancellation {unknown}
 H - 3 potions of ambrosia {unknown}
 I - a potion of flight {unknown}
Comestibles
 c - 4 rations


   Skills:
 + Level 2.6 Fighting
 + Level 2.6 Short Blades
 + Level 2.6 Long Blades
 + Level 2.6 Axes
 + Level 2.6 Maces & Flails
 + Level 2.6 Polearms
 + Level 2.6 Staves
 + Level 2.6 Slings
 + Level 2.6 Bows
 + Level 2.6 Crossbows
 + Level 2.6 Throwing
 + Level 2.6 Armour
 + Level 5.3 Dodging
 + Level 5.0 Stealth
 + Level 2.6 Shields
 + Level 2.6 Unarmed Combat
 + Level 5.7 Spellcasting
 + Level 3.0 Conjurations
 + Level 2.1 Hexes
 + Level 2.1 Charms
 + Level 2.1 Summonings
 + Level 2.1 Necromancy
 + Level 2.1 Translocations
 + Level 2.1 Transmutations
 + Level 5.9 Fire Magic
 + Level 2.1 Ice Magic
 + Level 2.1 Air Magic
 + Level 2.1 Earth Magic
 + Level 2.1 Poison Magic
 + Level 2.9 Invocations
 + Level 2.6 Evocations


You had 14 spell levels left.
You knew the following spells:

 Your Spells              Type           Power        Failure   Level  Hunger
a - Flame Tongue          Conj/Fire      ###..        1%          1    None
b - Throw Flame           Conj/Fire      ###...       3%          2    #......


Dungeon Overview and Level Annotations

Branches:
Dungeon (5/15)             Temple (1/1) D:4

Altars:
Ashenzari
Cheibriados
Dithmenos
Fedhas
Gozag
Kikubaaqudgha
Okawaru
Qazlal
Ru
Sif Muna
Trog
Uskayaw
Vehumet
Wu Jian
Zin
The Shining One

Annotations:
D:3 Pikel
D:5 Tovarisch's ghost, novice GnTm


Innate Abilities, Weirdness & Mutations

Your experience applies equally to all skills.
You have very sharp teeth.
Your uncanny sense of smell can sniff out nearby items.


Message History

Pikel closely misses you.
You barely miss Pikel.
Pikel is almost dead.
Pikel completely misses you. Pikel closely misses you.
You closely miss Pikel. You punch Pikel, but do no damage.
Pikel is almost dead.
Pikel hits you with a whip of freezing!
* * * LOW HITPOINT WARNING * * *
Pikel freezes you.
* * * LOW HITPOINT WARNING * * *
You hit Pikel but do no damage.
Pikel is almost dead.
Pikel hits you with a whip of freezing.
* * * LOW HITPOINT WARNING * * *
Pikel freezes you.
* * * LOW HITPOINT WARNING * * *
You hit Pikel but do no damage.
Pikel is almost dead.
Pikel hits you with a whip of freezing!
You die...

.#............#.###..#..####.....
.#..............# #.##...........
..........####.## #.#..<#####....
.#........# #.####...#.# #....
##........####.##....#..# #####
##........##...##.......#
#.........##.####.#.##..#
..#####...........#.##.## ###
#####....K@...##.# #
##...####<..##.## ### ####....#
#........# ).####...<.###
#..####### #......###.# #..#
####.......## #..# ###..#......##
#.## ....#..####..# #.# .###..##
##.###.#


You could see Pikel.

Vanquished Creatures
  The ghost of tidbits the Insei, an amateur GnTm (D:4)
  4 slaves
  A phantom (D:5)
  2 ogres
  3 orc wizards (D:5)
  A worker ant (D:4)
  A gnoll (D:1)
  5 adders
  An ooze (D:5)
  An adder skeleton (D:5)
  3 worms
  4 dart slugs
  3 leopard geckos
  6 orcs (D:5)
  A ball python (D:4)
  3 giant cockroaches
  5 goblins
  6 hobgoblins
  13 kobolds
  A quokka (D:3)
  11 bats
  6 frilled lizards
  A jackal zombie (D:5)
  9 rats
  A bush (D:3)
93 creatures vanquished.

Notes
Turn   | Place    | Note
-------+----------+-------------------------------------------
     0 | D:1      | neds the Gnoll Fire Elementalist began the quest for the Orb.
     0 | D:1      | Reached XP level 1. HP: 13/13 MP: 6/6
   277 | D:1      | Reached XP level 2. HP: 16/19 MP: 4/7
   854 | D:1      | Reached XP level 3. HP: 23/25 MP: 9/9
  1041 | D:1      | Reached skill level 5 in Spellcasting
  1220 | D:1      | Reached skill level 1 in Invocations
  1557 | D:2      | Reached skill level 1 in Fighting
  1557 | D:2      | Reached skill level 1 in Short Blades
  1557 | D:2      | Reached skill level 1 in Long Blades
  1557 | D:2      | Reached skill level 1 in Axes
  1557 | D:2      | Reached skill level 1 in Maces & Flails
  1557 | D:2      | Reached skill level 1 in Polearms
  1557 | D:2      | Reached skill level 1 in Staves
  1557 | D:2      | Reached skill level 1 in Slings
  1557 | D:2      | Reached skill level 1 in Bows
  1557 | D:2      | Reached skill level 1 in Crossbows
  1557 | D:2      | Reached skill level 1 in Throwing
  1557 | D:2      | Reached skill level 1 in Armour
  1557 | D:2      | Reached skill level 1 in Shields
  1557 | D:2      | Reached skill level 1 in Unarmed Combat
  1557 | D:2      | Reached skill level 1 in Evocations
  1679 | D:2      | Reached XP level 4. HP: 31/32 MP: 7/11
  1688 | D:2      | Learned a level 2 spell: Throw Flame
  2441 | D:2      | Reached skill level 1 in Hexes
  2441 | D:2      | Reached skill level 1 in Charms
  2441 | D:2      | Reached skill level 1 in Summonings
  2441 | D:2      | Reached skill level 1 in Necromancy
  2441 | D:2      | Reached skill level 1 in Translocations
  2441 | D:2      | Reached skill level 1 in Transmutations
  2441 | D:2      | Reached skill level 1 in Ice Magic
  2441 | D:2      | Reached skill level 1 in Air Magic
  2441 | D:2      | Reached skill level 1 in Earth Magic
  2441 | D:2      | Reached skill level 1 in Poison Magic
  3245 | D:3      | Reached XP level 5. HP: 36/37 MP: 12/12
  3267 | D:3      | Noticed an ogre
  3689 | D:3      | Killed an ogre
  3891 | D:4      | Noticed an ogre
  4465 | D:4      | Killed an ogre
  4465 | D:4      | Reached XP level 6. HP: 44/44 MP: 1/14
  4591 | D:4      | Noticed tidbits's ghost (amateur GnTm)
  4702 | D:4      | Killed tidbits's ghost
  4702 | D:4      | Reached skill level 5 in Dodging
  4702 | D:4      | Reached XP level 7. HP: 47/50 MP: 1/15
  4901 | D:4      | Found a staircase to the Ecumenical Temple.
  4914 | Temple   | Entered the Ecumenical Temple
  4920 | Temple   | Became a worshipper of Sif Muna the Loreminder
  5073 | D:4      | Noticed Pikel
  6156 | D:5      | Entered Level 5 of the Dungeon
  6735 | D:5      | Reached skill level 5 in Stealth
  6897 | D:5      | Noticed Tovarisch's ghost (novice GnTm)
  7965 | D:3      | Slain by Pikel

Vault maps used:
D:1:      minmay_arrival_checkered_box, bh_walls_and_bars
D:3:      lexackson_kobold_supper
D:4:      temple_doors_e, uniq_pikel
D:5:      first_ration
Temple:   dpeg_three_leaves_temple

Skill      XL: |  1  2  3  4  5  6  7 |
---------------+----------------------+-----
Conjurations   | 2 3 |  3.0
Spellcasting   | 5 |  5.7
Invocations    | 1 2 |  2.9
Fighting       | 1 2 |  2.6
Short Blades   | 1 2 |  2.6
Long Blades    | 1 2 |  2.6
Axes           | 1 2 |  2.6
Maces & Flails | 1 2 |  2.6
Polearms       | 1 2 |  2.6
Staves         | 1 2 |  2.6
Slings         | 1 2 |  2.6
Bows           | 1 2 |  2.6
Crossbows      | 1 2 |  2.6
Throwing       | 1 2 |  2.6
Armour         | 1 2 |  2.6
Shields        | 1 2 |  2.6
Unarmed Combat | 1 2 |  2.6
Evocations     | 1 2 |  2.6
Hexes          | 1 2 |  2.1
Charms         | 1 2 |  2.1
Summonings     | 1 2 |  2.1
Necromancy     | 1 2 |  2.1
Translocations | 1 2 |  2.1
Transmutations | 1 2 |  2.1
Ice Magic      | 1 2 |  2.1
Air Magic      | 1 2 |  2.1
Earth Magic    | 1 2 |  2.1
Poison Magic   | 1 2 |  2.1
Dodging        | 5 |  5.3
Stealth        | 5 |  5.0
Fire Magic     | |  5.9

Action                   |  1- 3 |  4- 6 |  7- 9 || total
-------------------------+-------+-------+-------++-------
Melee: Unarmed           |    21 |       |       ||    21
       Bite              |     7 |    27 |     7 ||    41
       Whip              |    12 |       |       ||    12
       Flail             |    23 |   163 |    88 ||   274
       Punch             |       |     2 |     1 ||     3
 Fire: Hunting sling     |    31 |       |       ||    31
 Cast: Flame Tongue      |    19 |     4 |    18 ||    41
       Throw Flame       |       |    56 |    71 ||   127
  Use: Scroll            |       |     1 |     2 ||     3
       Potion            |       |       |     1 ||     1
 Stab: Sleeping          |     1 |     6 |     1 ||     8
  Eat: Chunk             |     2 |    11 |     2 ||    15
       Ration            |       |       |     3 ||     3
Armor: Robe              |    17 |    11 |    11 ||    39
Dodge: Dodged            |    65 |    78 |    76 ||   219

Table legend:
 A = Spawn XP
 B = Non-spawn XP
 C = Spawn XP percentage of total XP
 D = Spawn monster count
 E = Non-spawn monster count
 F = Spawn count percentage of total count
 G = Total turns spent on level
                    A         B        C        D         E        F      G
               +---------+---------+-------+---------+---------+-------+---------
         Total |       0 |    1038 |   0.0 |       0 |      88 |   0.0 |  7965
               +---------+---------+-------+---------+---------+-------+---------
           D:1 |       0 |      58 |   0.0 |       0 |      27 |   0.0 |  1499
           D:2 |       0 |      84 |   0.0 |       0 |      19 |   0.0 |  1376
           D:3 |       0 |     151 |   0.0 |       0 |      22 |   0.0 |  1868
           D:4 |       0 |     467 |   0.0 |       0 |       7 |   0.0 |  2087
           D:5 |       0 |     278 |   0.0 |       0 |      13 |   0.0 |  1104
               +---------+---------+-------+---------+---------+-------+---------
